Map: Aura letal EJ

Players

Leavage

  • Race: Terran Terran
  • League: Platinum
  • Spawn Location: 5:00

potato - Winner!

  • Race: Zerg Zerg
  • League: Platinum
  • Spawn Location: 11:00

VOD

Have the link to the VOD?

Description

Time

  • Played on: Aug. 5, 2020, 7:25 p.m.
  • Length: 19:35
Show
View Real Time Build Order
Export as new Build Order

Leavage Terran 

Build Orders: Reaper Expand, Hellion Banshee 

Get SALT Encoding   

  12  0:00  SCV  
  13  0:12  SCV  
  14  0:17  Supply Depot  
  14  0:26  SCV  
  15  0:38  SCV  
  15  0:40  Barracks  
  16  0:45  Refinery  
  16  0:50  SCV  
  17  1:03  SCV  
  18  1:15  SCV  
  19  1:27  Orbital Command  
  19  1:29  Reaper  
  20  1:42  Command Center  
  20  1:48  Supply Depot  
  20  1:54  SCV  
  21  2:03  Marine  
  22  2:11  SCV, Factory  
  23  2:15  Refinery  
  23  2:23  SCV  
  23  2:24  Barracks Reactor  
  24  2:35  SCV  
  25  2:47  SCV  
  27  3:00  Orbital Command  
  27  3:04  Starport  
  28  3:09  SCV  
  27  3:17  Hellion x2  
  31  3:22  SCV  
  31  3:23  Barracks Tech Lab  
  31  3:26  SCV  
  33  3:34  SCV  
  33  3:38  SCV, Hellion x2  
  39  3:46  Supply Depot  
  39  3:53  Banshee  
  39  3:54  Cloaking Field  
  42  3:56  SCV  
  42  3:59  Hellion  
  46  4:02  SCV  
  46  4:07  Marine  
  46  4:08  SCV, Hellion  
  50  4:12  Armory  
  50  4:14  Supply Depot  
  50  4:20  Supply Depot  
  50  4:21  SCV, Hellion  
  50  4:22  SCV  
  54  4:36  SCV x2, Banshee  
  59  4:44  Hellion x2  
  63  4:48  SCV x2  
  64  5:00  SCV x2  
  64  5:03  Supply Depot  
  66  5:12  Barracks Reactor  
  66  5:19  Factory Tech Lab  
  66  5:24  Barracks  
  66  5:27  Barracks  
  66  5:35  SCV x2  
  68  5:36  Marine x2  
  70  5:47  SCV x2  
  72  5:51  Refinery  
  72  5:52  Refinery  
  72  5:59  SCV  
  59  6:13  SCV  
  60  6:19  Siege Tank  
  61  6:30  Starport Reactor, Barracks Reactor  
  59  6:51  Siege Tank  
  62  6:56  Marine  
  62  6:57  Marine x2  
  62  6:59  Stimpack  
  65  7:02  Command Center  
  65  7:05  Barracks  
  65  7:14  Marine  
  65  7:15  Barracks  
  66  7:23  SCV x2  
  68  7:30  Medivac x2  
  68  7:34  Siege Tank  
  75  7:41  SCV  
  75  7:42  Marine x2  
  78  7:48  Engineering Bay  
  78  7:51  Supply Depot  
  78  7:52  Engineering Bay  
  78  7:54  Supply Depot  
  78  7:56  Supply Depot  
  78  8:00  Marine x5  
  78  8:01  Barracks Reactor  
  78  8:02  Medivac  
  78  8:03  SCV  
  70  8:12  Medivac  
  86  8:13  SCV  
  86  8:17  SCV  
  86  8:18  Marine  
  91  8:25  SCV  
  92  8:29  SCV  
  92  8:31  Marine x5  
  98  8:35  Marine  
  98  8:37  SCV, Orbital Command  
  100  8:41  SCV, Marine  
  100  8:42  Siege Tank  
  100  8:45  Combat Shield  
  105  8:48  Marine  
  105  8:49  SCV, Terran Vehicle Weapons Level 1, Marine x2  
  105  8:53  SCV  
  105  8:55  Marine x4  
  110  8:56  Terran Infantry Weapons Level 1, Terran Infantry Armor Level 1  
  110  8:59  Marine  
  110  9:01  SCV  
  116  9:03  Orbital Command  
  116  9:05  SCV  
  116  9:06  Supply Depot  
  117  9:19  Marine  
  117  9:20  Marine x7  
  125  9:29  Supply Depot  
  125  9:37  Marine x5  
  130  9:39  Supply Depot x2, Missile Turret  
  130  9:41  Supply Depot, Missile Turret  
  130  9:42  Supply Depot  
  130  9:44  Missile Turret  
  125  9:48  Marine x3  
  125  9:50  Missile Turret  
  128  9:55  Marine x5  
  124  10:05  Marine  
  124  10:06  Marine x2  
  116  10:13  Marine x5  
  116  10:34  SCV x2  
  118  10:37  SCV  
  119  10:45  Missile Turret  
  119  10:46  SCV x2, Marine x8  
  129  10:58  SCV  
  130  11:04  Marine x5  
  130  11:05  Marine  
  130  11:06  Marine x2  
  138  11:22  Marine  
  115  11:34  Marine  
  115  11:35  Marine x6  
  115  11:39  Marine  
  95  11:52  Marine x3  
  95  11:53  Marine x3, Siege Tank  
  98  12:08  Marine  
  98  12:09  Marine  
  98  12:10  Marine x5  
  98  12:16  Marine  
  99  12:26  Marine x2  
  101  12:34  Marine x6  
  101  12:36  Siege Tank  
  110  13:08  Siege Tank  
  104  13:14  Marine  
  104  13:18  Marine x7  
  104  13:19  Terran Infantry Armor Level 2, Terran Infantry Weapons Level 2  
  112  13:30  Medivac  
  112  13:31  Medivac, Marine  
  117  13:35  Marine  
  117  13:36  Marine x2  
  120  13:42  Factory  
  120  13:46  SCV x3  
  123  13:53  Marine  
  124  13:58  SCV  
  124  13:59  Siege Tank  
  128  14:09  Refinery  
  128  14:14  Missile Turret  
  115  14:28  Marine x8  
  84  14:41  Siege Tank  
  84  14:43  Medivac x2  
  91  14:45  Marine  
  91  14:46  Marine x2  
  91  14:50  Command Center  
  94  14:57  Marine x5  
  99  15:03  Marine  
  99  15:04  Marine x2  
  98  15:14  Marine  
  98  15:15  Marine  
  96  15:22  Marine x6  
  96  15:25  SCV  
  96  15:26  SCV  
  104  15:32  Marine  
  104  15:33  Marine  
  104  15:34  Factory Tech Lab  
  106  15:39  Marine  
  106  15:40  Marine x4  
  111  15:43  Terran Infantry Weapons Level 3  
  111  15:48  SCV x3  
  114  15:59  Refinery  
  114  16:01  Planetary Fortress  
  113  16:04  Missile Turret  
  113  16:12  Marine x3  
  113  16:13  Marine x5  
  113  16:14  SCV  
  122  16:21  Terran Infantry Armor Level 3  
  122  16:31  Siege Tank  
  125  16:33  Marine, Siege Tank  
  125  16:34  Marine x3  
  125  16:36  SCV  
  132  16:56  Marine x3  
  132  16:57  Marine x2  
  132  17:00  Missile Turret  
  131  17:08  Marine x3  
  130  17:10  Siege Tank  
  130  17:13  Thor  
  130  17:14  Marine x5  
  139  17:25  Marine  
  131  17:54  Barracks Reactor  
  131  17:56  Thor  
  61  18:39  Marine x7  
  62  18:50  SCV x2  
  62  18:51  SCV  
  65  18:56  Command Center  
  65  19:07  Marine x4  
  65  19:08  Marine x5  
Show
View Real Time Build Order
Export as new Build Order

potato Zerg - Winner!

Build Orders: Hatch First, Muta Ling Bane 

Get SALT Encoding   

  12  0:01  Drone  
  13  0:13  Overlord  
  13  0:17  Drone  
  14  0:33  Drone x2  
  16  0:36  Drone  
  17  0:52  Hatchery  
  17  0:56  Drone  
  17  1:08  Drone  
  18  1:12  Extractor  
  18  1:15  Spawning Pool  
  16  1:22  Drone  
  16  1:23  Drone  
  18  1:38  Overlord  
  18  2:02  Zergling x4  
  18  2:04  Queen x2  
  24  2:10  Drone x2  
  24  2:14  Drone  
  24  2:15  Metabolic Boost  
  27  2:19  Drone  
  28  2:27  Drone x2  
  30  2:36  Roach Warren  
  29  2:37  Drone  
  30  2:45  Drone  
  30  2:51  Drone  
  33  2:59  Zergling x2, Evolution Chamber  
  33  3:00  Zergling x4  
  35  3:08  Extractor  
  35  3:11  Overlord  
  34  3:14  Queen  
  36  3:21  Extractor  
  36  3:23  Drone  
  36  3:24  Evolution Chamber  
  36  3:26  Drone  
  36  3:28  Baneling Nest  
  36  3:32  Drone  
  36  3:33  Drone x2  
  38  3:40  Zerg Melee Weapons Level 1  
  38  3:42  Drone  
  38  3:47  Drone  
  40  3:50  Pneumatized Carapace  
  40  3:51  Drone  
  41  3:57  Drone  
  41  3:58  Drone  
  43  4:03  Overlord  
  43  4:10  Zerg Ground Armor Level 1  
  43  4:13  Drone  
  44  4:27  Drone x2  
  44  4:29  Lair  
  46  4:33  Burrow  
  46  4:34  Drone  
  46  4:35  Drone  
  46  4:36  Drone  
  49  4:39  Overlord  
  49  4:56  Baneling x4  
  49  4:57  Baneling x3  
  49  5:01  Hatchery  
  49  5:04  Drone  
  49  5:05  Drone, Overlord  
  50  5:11  Zergling x6  
  53  5:17  Zergling x6  
  53  5:29  Queen  
  53  5:30  Zergling x8  
  53  5:31  Zergling x2  
  59  5:38  Zergling x8  
  62  5:45  Queen  
  62  5:47  Overlord  
  64  6:09  Zergling x12  
  63  6:17  Overseer  
  61  6:24  Spore Crawler  
  57  6:31  Queen  
  59  6:34  Spore Crawler  
  58  6:41  Drone x4  
  58  6:42  Drone x2  
  64  6:48  Drone  
  65  6:55  Extractor  
  65  7:00  Spore Crawler  
  61  7:07  Drone x4  
  65  7:12  Spore Crawler  
  64  7:19  Extractor  
  64  7:20  Drone x3  
  64  7:21  Drone x2  
  64  7:22  Spire  
  67  7:33  Extractor  
  67  7:34  Drone x2  
  68  7:37  Overlord  
  68  7:38  Queen  
  68  7:40  Zerg Ground Armor Level 2, Zerg Melee Weapons Level 2  
  68  7:41  Centrifical Hooks  
  70  7:46  Drone x2  
  70  7:49  Drone x2  
  74  7:54  Overlord  
  74  7:59  Drone, Overseer  
  75  8:09  Drone x2  
  76  8:33  Mutalisk x3  
  76  8:34  Mutalisk x2  
  85  8:48  Drone x2  
  85  8:50  Zerg Flyer Weapons Level 1  
  85  8:51  Zergling x4  
  85  8:52  Zergling x4  
  85  8:53  Overlord  
  85  8:55  Queen x2  
  95  8:59  Queen  
  97  9:05  Hatchery  
  97  9:06  Mutalisk  
  98  9:10  Extractor  
  98  9:13  Drone x5, Overlord  
  102  9:28  Mutalisk x2  
  102  9:30  Hatchery  
  105  9:34  Overseer  
  105  9:47  Queen  
  103  9:55  Mutalisk x4  
  103  9:58  Zergling x18  
  105  10:11  Zergling x14, Queen  
  106  10:17  Baneling x5  
  106  10:18  Baneling  
  106  10:19  Queen  
  108  10:25  Zergling x2  
  108  10:26  Zergling x4  
  111  10:36  Zergling x6  
  114  10:50  Drone  
  114  10:51  Drone x2  
  114  10:55  Zergling x2  
  114  10:56  Spore Crawler, Zergling x12  
  114  10:57  Zergling x4  
  125  11:01  Overlord  
  125  11:06  Infestation Pit  
  125  11:10  Queen  
  126  11:13  Overlord  
  125  11:20  Extractor  
  102  11:37  Mutalisk  
  102  11:38  Mutalisk x8  
  109  11:45  Zergling x14  
  111  12:09  Zergling x22  
  111  12:10  Zergling x2  
  118  12:19  Baneling x2  
  118  12:20  Baneling x5  
  118  12:22  Queen  
  118  12:28  Drone x3  
  123  12:35  Extractor  
  123  12:36  Drone  
  123  12:37  Drone x2, Overlord  
  125  12:39  Zergling x2  
  125  12:41  Mutalisk x6  
  138  12:55  Hatchery  
  138  12:57  Hive  
  137  12:59  Zergling x18  
  125  13:20  Baneling  
  125  13:21  Mutalisk, Baneling x7  
  125  13:22  Mutalisk  
  125  13:26  Zergling x20  
  139  13:35  Queen  
  139  13:36  Overlord  
  141  13:44  Overlord  
  141  13:48  Overlord  
  141  13:49  Overlord  
  141  13:53  Queen x2  
  144  14:10  Queen  
  144  14:11  Baneling x3  
  144  14:13  Mutalisk x7  
  149  14:24  Extractor  
  122  14:35  Mutalisk  
  122  14:36  Mutalisk x3  
  122  14:37  Zergling x2  
  122  14:38  Zergling x28  
  133  14:42  Drone x4  
  142  14:48  Zerg Flyer Armor Level 1  
  142  15:01  Zergling x20  
  146  15:24  Drone x2  
  146  15:26  Spore Crawler  
  146  15:27  Drone x3, Overlord  
  150  15:43  Mutalisk  
  150  15:44  Mutalisk x8  
  150  15:46  Zergling x6  
  150  15:47  Zergling x10  
  176  16:05  Mutalisk  
  176  16:06  Mutalisk  
  176  16:07  Overlord  
  176  16:08  Overlord x3  
  180  16:28  Zerg Melee Weapons Level 3  
  180  16:29  Zergling x4  
  180  16:30  Zergling x16  
  190  16:35  Hatchery  
  189  16:42  Zerg Flyer Weapons Level 2  
  187  16:49  Baneling x8  
  187  16:50  Baneling x10  
  186  17:08  Zergling x4  
  185  17:09  Zergling x26  
  199  17:21  Overlord  
  160  18:07  Mutalisk x5  
  160  18:08  Mutalisk x6  
  182  18:15  Zergling x2  
  182  18:16  Zergling x36  
  159  18:29  Mutalisk x5  
  159  18:31  Zergling x2  
  159  18:32  Zergling x12  
  150  18:43  Zergling x12  
  150  18:45  Queen  
  150  18:46  Queen x5  
  166  18:53  Zergling x2  
  166  18:54  Zergling x10  
  172  18:59  Drone x3  
  175  19:15  Zergling x26  
Tags
 
Add a new tag
Caveats
  • Supply blocks, unpowered buildings, or Contaminate may cause inaccurate times.
  • Supply counts are checked every 10 seconds.